 Dungeon Crawl Stone Soup version 0.18.1-50-g88ac8fd (webtiles) character file.

43 RudyRod the Magician (level 3, -1/36 HPs)
             Began as a Demonspawn Wizard on Oct 24, 2016.
             Slain by a gnoll
             ... wielding a +0 flail
              (6 damage)
             ... on level 1 of the Dungeon.
             The game lasted 00:05:41 (1915 turns).

RudyRod the Magician (Demonspawn Wizard)            Turns: 1915, Time: 00:05:42

Health: -1/36      AC: 21    Str:  7    XL:     3   Next: 37%
Magic:  0/8        EV:  2    Int: 20    God:
Gold:   24         SH:  0    Dex: 11    Spells: 1 memorised, 8 levels left

rFire  . . .     SeeInvis .     (no weapon)
rCold  . . .     Gourm    .     (armour currently unavailable)
rNeg   + + +     Faith    .     (no shield)
rPois  +         Spirit   +     (helmet currently unavailable)
rElec  .         Dismiss  .     (cloak currently unavailable)
rCorr  .         Reflect  .     (gloves currently unavailable)
SustAt .         Harm     .     (boots currently unavailable)
MR     .....     Clarity  +     (no amulet)
Stlth  ++........ NoTele   +    (no ring)
                                (no ring)

@: tree-form, not resistant to hostile enchantments, unstealthy
A: clarity, magic shield
a: no special abilities


You were on level 1 of the Dungeon.
You were not hungry.
You were a tree.
You visited 1 branch of the dungeon, and saw 2 of its levels.

You collected 24 gold pieces.

Inventory:

Armour
 a - a +0 robe (melded)
 b - a +0 hat (melded)
Scrolls
 g - a scroll of immolation {unknown}
 h - a scroll of teleportation {unknown}
 k - a scroll of identify {unknown}
Books
 c - a book of Minor Magic

   Spells                             Type                      Level
   a - Magic Dart                     Conjuration                  1
   b - Blink                          Translocation                2
   c - Call Imp                       Summoning                    2
   d - Repel Missiles                 Charms/Air                   2
   e - Slow                           Hexes                        2
   f - Conjure Flame                  Conjuration/Fire             3
   g - Mephitic Cloud                 Conjuration/Poison/Air       3
Comestibles
 d - a bread ration
 l - a chunk of flesh


   Skills:
 * Level 2.2 Dodging
 + Level 1.9 Stealth
 + Level 3.8 Spellcasting
 * Level 1.2 Conjurations
   Level 1.0 Summonings
   Level 0.8 Translocations


You had 8 spell levels left.
You knew the following spells:

 Your Spells              Type           Power        Failure   Level  Hunger
a - Magic Dart            Conj           #...         10%         1    None


Dungeon Overview and Level Annotations

Branches:
Dungeon (2/15)

Altars:


Innate Abilities, Weirdness & Mutations

When hurt, damage is shared between your health and your magic reserves.
You possess an exceptional clarity of mind.


Message History

Drink which item? (? for menu, Esc to quit)
It was a potion of mutation.
You feel extremely strange.
Your vision blurs.
Your vision sharpens.
Your thoughts seem clearer.
The gnoll closely misses you. The gnoll hits you with a club.
* * * LOW HITPOINT WARNING * * *
Unknown command.
Drink which item? (? for menu, Esc to quit)
It was a potion of lignification.
You turn into a tree.
Your +0 hat melds into your body.
Your +0 robe melds into your body.
Your roots penetrate the ground.
The gnoll hits you but does no damage.
Read which item? (? for menu, Esc to quit)
As you read the scroll labeled EPTE ZAHADGHIVAM, it crumbles to dust.
The dust glows brilliant green!
It was a scroll of random uselessness.
The gnoll hits you but does no damage.
You closely miss the gnoll. The gnoll hits you but does no damage.
The gnoll hits you with a flail.
* * * LOW HITPOINT WARNING * * *
You hit the gnoll but do no damage. The gnoll hits you but does no damage.
The gnoll hits you with a flail.
You die...

##.# ...#######
##.......# #.#####.# #.#
#.############ #.#
#............#
#.#####..#########.#
#.........########.##
####.###.......g♣g.>)#
.......#..#########..#
##.........##### #..#
...............# #..#
##.###.#...###.####).###
##.###.#..............(#
#...........######..##.#
#..###.#....#####.#.##.#
#..###.#.........###.#.#


You could see 2 gnolls.

Vanquished Creatures
  An adder (D:1)
  An ooze (D:1)
  2 dart slugs (D:1)
  7 bats (D:1)
  2 giant cockroaches (D:1)
  A goblin (D:1)
  4 hobgoblins (D:1)
  A ball python (D:1)
  2 giant newts (D:1)
  3 kobolds (D:1)
  A rat (D:1)
25 creatures vanquished.

Notes
Turn   | Place    | Note
--------------------------------------------------------------
     0 | D:1      | RudyRod the Demonspawn Wizard began the quest for the Orb.
     0 | D:1      | Reached XP level 1. HP: 13/13 MP: 4/4
   335 | D:1      | Gained mutation: When hurt, damage is shared between your health and your magic reserves. [demonic ancestry]
   335 | D:1      | Reached XP level 2. HP: 13/19 MP: 3/6
  1202 | D:1      | Reached XP level 3. HP: 24/24 MP: 5/8
  1911 | D:1      | Gained mutation: Scrolls take you a little longer to read. [potion of mutation]
  1911 | D:1      | Lost mutation: Scrolls take you a little longer to read. [potion of mutation]
  1911 | D:1      | Gained mutation: You possess an exceptional clarity of mind. [potion of mutation]
  1915 | D:1      | Slain by a gnoll

Skill      XL: |  1  2 |
---------------+-------+-----
Dodging        | 2 |  2.2
Stealth        | |  1.9
Spellcasting   | |  3.8
Conjurations   | |  1.2
Summonings     | |  1.0
Translocations | |  0.8

Action                   || total
-------------------------++-------
Melee: Unarmed           ||    46
 Cast: Magic Dart        ||    65
  Use: Potion            ||     4
       Scroll            ||     1
  Eat: Chunk             ||     3
Armor: Robe              ||    24
       Skin              ||     3
Dodge: Dodged            ||    68
